 Dungeon Crawl Stone Soup version 0.27.1-3-gb3d3a73c9e (webtiles) character file.

Game seed: 17535042143220526531

521 H0rd4k the Charlatan (level 7, -1/52 HPs)
             Began as a Human Artificer on Oct 12, 2021.
             Was an Initiate of Gozag.
             Killed from afar by Harold (14 damage)
             ... with a harpoon shot
             ... on level 7 of the Dungeon.
             The game lasted 00:09:42 (7380 turns).

H0rd4k the Charlatan (Human Artificer)              Turns: 7380, Time: 00:09:44

Health: -1/52      AC:  5    Str: 13    XL:     7   Next: 46%
Magic:  7/7        EV: 12    Int: 13    God:    Gozag
Gold:   383        SH:  0    Dex: 13    Spells: 6/6 levels left

rFire    + . .     SeeInvis .   v - +0 falchion
rCold    . . .     Faith    .   (no shield)
rNeg     + . .     Spirit   .   b - +0 leather armour
rPois    .         Reflect  .   r - +0 helmet
rElec    .         Harm     .   t - +0 cloak
rCorr    .         Rampage  .   (no gloves)
Will     .....                  (no boots)
Stlth    +.........             d - amulet of the Lonely Hells {RegenMP rN+}
HPRegen  0.17/turn              q - ring of protection from fire
MPRegen  0.35/turn              (no ring)

@: marked
A: no striking features
a: Renounce Religion, Potion Petition, Call Merchant, Bribe Branch


You were on level 7 of the Dungeon.
You worshipped Gozag.
Gozag was aware of your devotion.
You visited 1 branch of the dungeon, and saw 8 of its levels.

You collected 487 gold pieces.
You spent 82 gold pieces at shops.
You paid 22 gold pieces to Gozag.

Inventory:

Hand Weapons
 g - a +0 dagger
 v - a +0 falchion (weapon)
Armour
 b - a +0 leather armour (worn)
 r - a +0 helmet (worn)
 t - a +0 cloak (worn)
Magical Staves
 s - a staff of poison
Jewellery
 d - the amulet of the Lonely Hells (around neck) {RegenMP rN+}
   (You found it on level 7 of the Dungeon)

   [amulet of magic regeneration]

   It increases your rate of magic regeneration.
   rN:        It protects you from negative energy.
 q - a ring of protection from fire (left hand)
Scrolls
 a - a scroll of enchant weapon {unknown}
 c - a scroll of acquirement {unknown}
 i - 2 scrolls of amnesia {unknown}
 k - 4 scrolls of identify
 l - a scroll of fear {unknown}
 m - a scroll of blinking
 n - a scroll of immolation {unknown}
 p - a scroll of holy word {unknown}
 w - 2 scrolls of teleportation {unknown}
Potions
 h - a potion of flight {unknown}
 j - 2 potions of brilliance {unknown}
 o - 2 potions of might {unknown}
 u - a potion of haste {unknown}
Miscellaneous
 e - a piece from Xom's chessboard (6/15)


   Skills:
 + Level 3.1 Fighting
 + Level 3.9(4.0) Short Blades
 + Level 1.0(2.6) Long Blades
 - Level 2.1 Armour
 + Level 3.4 Dodging
 - Level 1.0 Stealth
 + Level 4.6 Evocations


You had 6 spell levels left.
You didn't know any spells.
Your spell library contained the following spells:

 Spells                   Type           Power      Damage    Failure   Level
 Ensorcelled Hibernation  Hex/Ice        0%         N/A       52%         2
 Call Canine Familiar     Summ           0%         N/A       75%         3
 Dazzling Flash           Conj/Hex       0%         N/A       75%         3
 Portal Projectile        Hex/Tloc       0%         N/A       75%         3
 Leda's Liquefaction      Hex/Erth       0%         N/A       98%         4
 Sticky Flame             Conj/Fire      0%         2d3       98%         4
 Agony                    Necr           0%         N/A       100%        5
 Silence                  Hex/Air        0%         N/A       100%        5
 Ozocubu's Refrigeration  Ice            0%         4d5       100%        7


Dungeon Overview and Level Annotations

Branches:
Dungeon (8/15)
 Temple: D:4-7         Lair: D:8-11

Altars:
Fedhas
Gozag
Kikubaaqudgha

Shops:
D:3 [?([   D:7 (   D:8 :

Annotations:
D:4 exclusions: downstairs and upstairs
D:6 exclusion: phantom
D:7 3 runed translucent doors, exclusion: upstairs, Araneus's ghost, novice DsFi; Harold
D:8 exclusion: upstairs


Message History

Harold flickers and vanishes for a moment.
Unknown command.
Unknown command.
You struggle against the net.
You make a move on Xom's chessboard...
Harold seems to grow stronger.
Harold closely misses you.
You riposte.
You barely miss Harold.
Unknown command.
Unknown command.
You struggle against the net.
Harold hits you with a +0 hand axe!
You struggle against the net.
Harold hits you with a +0 hand axe!
You rip the net and break free!
Harold hits you with a +0 hand axe.
As you read the scroll labelled PUSELE GANN, it crumbles to dust.
It is a scroll of identify.
f - a potion of ambrosia Harold hits you with a +0 hand axe!!
* * * LOW HITPOINT WARNING * * *
You are confused.
You feel invigorated. Harold completely misses you.
You are too confused!
Unknown command.
You are too confused!
You hit Harold.
Harold is lightly wounded.
Harold closely misses you.
Harold stops glowing and disappears.
You bump into the rock wall.
Something hits you!
* * * LOW HITPOINT WARNING * * *
Deactivating autopickup; reactivate with Ctrl-A.
You bump into the rock wall.
Something hits you.
* * * LOW HITPOINT WARNING * * *
You bump into the rock wall.
Something hits you!
* * * LOW HITPOINT WARNING * * *
You are too confused!
You feel less invigorated.
You feel less confused.
You hear some strange, mumbled words.
A harpoon shot appears from out of thin air!
The harpoon shot hits you!
You die...
Your body crumbles into a pile of gold.

# ##.......##
##.##.# #
##.....## #.....#
# ##...## #.#####
# ##+## #.# # #.#
#.# # #.# #.# #
##.## #.#
######...#######.#
.........$...{.@.#
######....########
........#
..###.#### ...
####


There were no monsters in sight!

Vanquished Creatures
  A phantom (D:6)
  A bullfrog (D:6)
  A scorpion (D:4)
  2 centaur zombies
  2 bullfrog skeletons (D:5)
  A killer bee zombie (D:8)
  7 adders
  A white imp (D:3)
  A dart slug (D:4)
  An orc (D:7)
  6 ball pythons
  9 bats
  3 endoplasms (D:3)
  A giant cockroach (D:2)
  6 goblins
  4 hobgoblins
  5 kobolds
  4 quokkas
  6 frilled lizards
  6 rats
68 creatures vanquished.

Vanquished Creatures (collateral kills)
  A scorpion (D:5)
  An iguana (D:5)
  A hound zombie (D:5)
  An endoplasm (D:4)
  2 ball pythons (D:4)
6 creatures vanquished.

Vanquished Creatures (others)
  An orc (D:2)
  A goblin (D:1)
  3 fungi (D:7)
  A plant (D:7)
6 creatures vanquished.

Grand Total: 80 creatures vanquished

Notes
Turn   | Place    | Note
-------+----------+-------------------------------------------
     0 | D:1      | H0rd4k the Human Artificer began the quest for the Orb.
     0 | D:1      | Reached XP level 1. HP: 15/15 MP: 1/1
    31 | D:1      | Found a faded altar of an unknown god.
   174 | D:1      | Reached XP level 2. HP: 21/21 MP: 2/2
   584 | D:1      | Reached XP level 3. HP: 17/26 MP: 3/3
   699 | D:1      | You fall into a shaft and drop 1 floor!
  1239 | D:2      | Reached skill level 1 in Short Blades
  1239 | D:2      | Reached skill level 4 in Evocations
  1253 | D:2      | Reached XP level 4. HP: 16/32 MP: 4/4
  2015 | D:3      | Found an opulent altar of Gozag.
  2028 | D:3      | Became a worshipper of Gozag Ym Sagoz the Greedy
  2404 | D:3      | Found Lyocvy's Antique Armour Shoppe.
  2809 | D:3      | Found Coycy's Magic Scroll Boutique.
  2817 | D:3      | Bought a scroll of blinking for 82 gold pieces
  3052 | D:3      | Found Baim's Armour Shoppe.
  3084 | D:3      | Found Xeaskat's Antique Weapon Shop.
  3290 | D:4      | Noticed a scorpion
  3295 | D:4      | Killed a scorpion
  3296 | D:4      | Reached XP level 5. HP: 38/38 MP: 5/5
  4050 | D:4      | Noticed an ogre
  4085 | D:4      | Found an ancient bone altar of Kikubaaqudgha.
  4116 | D:5      | Entered Level 5 of the Dungeon
  4214 | D:4      | Noticed a phantom
  4223 | D:5      | Noticed a black bear
  4772 | D:4      | Reached XP level 6. HP: 37/44 MP: 6/6
  5984 | D:5      | Found a blossoming altar of Fedhas.
  6249 | D:6      | Reached XP level 7. HP: 44/51 MP: 7/7
  6658 | D:7      | Identified the amulet of the Lonely Hells {RegenMP rN+}
  6690 | D:7      | Found Fakosh's Weapon Emporium.
  6849 | D:7      | Noticed a steam dragon
  6865 | D:8      | Found Ohico Axe's Self-Improvement Boutique.
  7104 | D:8      | Got Piqaps's Guide on Ignition and Ice
  7139 | D:8      | Reached skill level 1 in Long Blades
  7244 | D:7      | Found a runed translucent gate.
  7244 | D:7      | Found a runed translucent gate.
  7245 | D:7      | Noticed Araneus's ghost (novice DsFi)
  7247 | D:7      | Found a runed translucent gate.
  7352 | D:7      | Noticed Harold
  7380 | D:7      | Killed from afar by Harold

Illustrated notes

Levels and vault maps discovered:
D:1:      minmay_arrival_open_corners, layout_loops_ring, basic_ecumenical_altar
D:2:      layout_loops_cross
D:3:      layout_loops_cross, nicolae_gozag_cash_rules_everything_around_me,
          serial_shops, nicolae_shop_crystal, shop, nicolae_shop_behind_doors,
          shop, hangedman_decor_push, st_stairs_9, corexii_corridor_pit
D:4:      layout_basic, mainiacjoe_overflow_24_doors, kennysheep_mini,
          chequers_garden
D:5:      minmay_clustersquares, layout_basic, fedhas_altar_1, uniq_pikel
D:6:      layout_loops_corners, okawaru_altar_gauntlet_db,
          minmay_temple_entry_trees, uniq_grinder
D:7:      layout_loops_corners, gammafunk_ghost_nasty_kobolds, serial_shops,
          shop, nicolae_shop_overgrown_old_shop, uniq_harold
D:8:      gammafunk_wand_slinger, layout_loops_ring, vehumet_statue,
          nicolae_shop_self_help

Skill      XL: |  1  2  3  4  5  6  7 |
---------------+----------------------+-----
Short Blades   | 1 2 3 |  3.9
Evocations     | 4 |  4.6
Dodging        | 2 3 |  3.4
Fighting       | 2 3 |  3.1
Long Blades    | 1 |  1.0
Armour         | |  2.1
Stealth        | |  1.0

Action                   |  1- 3 |  4- 6 |  7- 9 || total
-------------------------+-------+-------+-------++-------
Melee: Club              |    36 |       |       ||    36
       Dagger            |   105 |   245 |       ||   350
       Falchion          |       |     5 |    62 ||    67
Evoke: Wand              |     9 |    20 |     1 ||    30
       Piece from Xom's  |       |     5 |     8 ||    13
  Use: Potion            |     1 |       |     2 ||     3
       Scroll            |       |       |     1 ||     1
 Stab: Sleeping          |     2 |     2 |       ||     4
       Distracted        |       |     2 |       ||     2
       Petrifying        |       |     1 |       ||     1
       Petrified         |       |     1 |       ||     1
Armor: Leather armour    |    63 |    74 |    24 ||   161
Dodge: Dodged            |   119 |   175 |    55 ||   349
       Rpst.: Falchion   |       |     3 |     9 ||    12
